AoeStats
← undercat

Arabia

510538304Analyzed
1v1 RM · 23h ago on Oct 1, 2026· 42m 42s· 2 players
Game mode
Random Map
Map size
Tiny (2 player)
Population
200
Speed
Normal
Resources
Standard
Victory
Conquest
Starting age
Dark Age
Ending age
Imperial Age
RankedLock teamsTeams togetherTeam positionsShared explorationLock speedFull tech treeHidden civsTurbo modeCheats
Victory
Defeat
🇹🇼 Bengalis · Taiwan
962
+17
🇨🇳 Persians · China
987
-17
undercat
9:23 Feudal Age
9:35 Man-at-Arms
10:13 Double-Bit Axe
15:11 Loom
20:01 Castle Age
18:30 Bloodlines
20:03 Fletching
20:53 Husbandry
22:06 Bow Saw
23:49 Gold Mining
24:35 Horse Collar
26:07 Crossbowman
26:21 Pikeman
27:20 Squires
27:52 Sanctity
28:24 Scale Mail Armor
29:05 Bodkin Arrow
30:56 Wheelbarrow
31:40 Wheelbarrow
34:46 Imperial Age
35:02 Arbalester
36:34 Block Printing
36:08 Halberdier
37:02 Forging
36:52 Bracer
37:56 Chemistry
38:01 Light Cavalry
41:17 Scale Barding Armor
42:33 Iron Casting
42:19 Chain Barding Armor
Xiaofan
5:00 Loom
9:38 Feudal Age
10:08 Double-Bit Axe
22:55 Castle Age
20:41 Horse Collar
21:51 Bloodlines
23:05 Wheelbarrow
22:37 Scale Barding Armor
23:53 Husbandry
24:39 Forging
25:41 Bow Saw
26:00 Gold Mining
27:22 Stone Mining
30:20 Chain Barding Armor
36:24 Imperial Age
36:22 Iron Casting
37:24 Cavalier
39:05 Plate Barding Armor
40:29 Conscription
42:45 Blast Furnace
Connection lost

Rejoining the realm…

Still unreachable

The connection could not be restored.

Session expired

The server has moved on; the page needs a fresh start.